 Dungeon Crawl Stone Soup version 0.25-a0-1024-gbfbf38f2cb (webtiles) character file.

Game seed: 425029317442075865, levelgen mode: deterministic

12526 Flugslaktarn the Cleaver (level 11, -10/78 HPs)
             Began as an Octopode Fighter on May 12, 2020.
             Was an Initiate of Gozag.
             Mangled by a yak (16 damage)
             ... on level 1 of the Lair of Beasts.
             The game lasted 00:11:08 (17317 turns).

Flugslaktarn the Cleaver (Octopode Fighter)        Turns: 17317, Time: 00:11:09

Health: -10/78     AC:  1    Str: 15    XL:     11   Next: 94%
Magic:  13/13      EV: 18    Int: 10    God:    Gozag
Gold:   253        SH: 12    Dex: 16    Spells: 10/10 levels left

rFire    . . .     SeeInvis +   a - +1 war axe
rCold    . . .     Gourm    .   b - +1 kite shield
rNeg     . . .     Faith    .   (helmet restricted)
rPois    .         Spirit   .   (no amulet)
rElec    .         Reflect  .   i - ring of see invisible
rCorr    .         Harm     .   m - ring of protection from magic
MR       +....                  (no ring)
Stlth    ++........             (no ring)
HPRegen  0.23/turn              (no ring)
MPRegen  0.13/turn              (no ring)
                                (no ring)
                                (no ring)

@: gold aura
A: almost no armour, stealthy swim, amphibious, 8 rings, constrict 8, camouflage
1, gelatinous body 1
a: Potion Petition, Call Merchant, Bribe Branch, Renounce Religion


You were on level 1 of the Lair of Beasts.
You worshipped Gozag.
Gozag was aware of your devotion.
You were not hungry.

You visited 3 branches of the dungeon, and saw 13 of its levels.

You collected 1639 gold pieces.
You spent 495 gold pieces at shops.
You paid 891 gold pieces to Gozag.

Inventory:

Hand Weapons
 a - a +1 war axe (weapon)
 f - a +0 trident of venom
   (You took it off a gnoll sergeant on level 5 of the Dungeon)
Missiles
 t - 7 throwing nets (quivered)
Armour
 b - a +1 kite shield (worn)
Jewellery
 i - a ring of see invisible (left tentacle)
   (You found it on level 1 of the Dungeon)
 m - a ring of protection from magic (right tentacle)
   (You found it on level 7 of the Dungeon)
Wands
 c - a wand of disintegration (1)
   (You found it on level 7 of the Dungeon)
 h - a wand of clouds (4)
   (You found it on level 4 of the Dungeon)
 E - a wand of acid (11)
   (You bought it in a shop on level 1 of the Lair of Beasts)
Scrolls
 j - 2 scrolls of enchant weapon
 n - 3 scrolls of fear
 o - 3 scrolls of enchant armour
 p - 2 scrolls of immolation
 r - 2 scrolls of identify
 v - a scroll of fog
 x - 6 scrolls of remove curse
 z - a scroll of magic mapping {unknown}
 C - a scroll of teleportation {unknown}
Potions
 d - 3 potions of might
 g - 4 potions of mutation
 k - 2 potions of stabbing
 l - 3 potions of brilliance
 q - 2 potions of curing
 s - a potion of ambrosia
 u - 13 potions of degeneration
 w - 3 potions of heal wounds
 y - a potion of invisibility
 A - a potion of lignification {unknown}
 B - a potion of flight
Miscellaneous
 D - a tin of tremorstones (3/3)
   (You bought it in a shop on level 1 of the Lair of Beasts)
Comestibles
 e - 26 rations


   Skills:
 - Level 8.9 Fighting
 - Level 11.7 Axes
 - Level 8.9 Dodging
 - Level 8.8 Shields
 + Level 3.5 Evocations


You had 10 spell levels left.
You didn't know any spells.
Your spell library contained the following spells:

 Spells                   Type           Power        Failure   Level  Hunger
 Animate Skeleton         Necr           N/A          63%         1    ##.....
 Magic Dart               Conj           #...         63%         1    ##.....
 Pain                     Necr           #...         63%         1    ##.....
 Blink                    Tloc           N/A          77%         2    ###....
 Call Imp                 Summ           #.......     77%         2    ###....
 Slow                     Hex            #.......     77%         2    ###....
 Conjure Flame            Conj/Fire      #.......     94%         3    ####...
 Mephitic Cloud           Conj/Pois/Air  #.......     94%         3    ####...
 Static Discharge         Conj/Air       #.......     94%         3    ####...
 Vampiric Draining        Necr           #.........   94%         3    ####...
 Animate Dead             Necr           N/A          100%        4    #####..
 Agony                    Necr           #.......     100%        5    ######.
 Lightning Bolt           Conj/Air       #.........   100%        5    ######.
 Ignition                 Fire           #.........   100%        8    #######
 Shatter                  Erth           #.........   100%        9    #######
 Tornado                  Air            #.........   100%        9    #######


Dungeon Overview and Level Annotations

Branches:
Dungeon (11/15)            Temple (1/1) D:7            Lair (1/6) D:8
    Orc (0/2) D:9

Altars:
Ashenzari
Cheibriados
Dithmenos
Elyvilon
Fedhas
Gozag
Hepliaklqana
Kikubaaqudgha
Makhleb
Nemelex Xobeh
Okawaru
Qazlal
Ru
Sif Muna
Trog
Uskayaw
Vehumet
Wu Jian
Xom
Yredelemnul
Zin
The Shining One

Shops:
D:4 [   D:11 [   Lair:1 }

Annotations:
D:2 Sigmund
D:3 2 transporters
D:4 1 runed translucent door, Crazy Yiuf
D:10 1 runed translucent door


Innate Abilities, Weirdness & Mutations

You cannot wear most types of armour.
You are very stealthy in the water. (Stealth+)
You are amphibious.
You can wear up to eight rings at the same time.
You can use your tentacles to constrict eight enemies at once.
Your skin changes colour to match your surroundings (Stealth+).
Your rubbery body absorbs attacks. (AC +1, EV +1)


Message History

You kill the yak!
You hit the yak. x2; The yak closely misses you.
The yak completely misses you.
You hit the yak.
The yak is moderately wounded.
You hit the yak. The yak gores you! The yak barely misses you.
You hit the yak. You squeeze the yak, but do no damage.
The yak is moderately wounded.
You hit the yak but do no damage. The yak gores you!
* * * LOW HITPOINT WARNING * * *
The yak gores you!
* * * LOW HITPOINT WARNING * * *
Found a whip.
You are too injured to fight recklessly!
You are too injured to fight recklessly!
You block the yak's attack.
Found a potion of degeneration.
Found 6 boomerangs and 11 gold pieces.
The yak gores you!
You die...
Your body crumbles into a pile of gold.

#.#+###............#
#.. #...........#
... #..$.......#
..#..(......#
..8...#........#
..... ##.Y.....##
.......#..+###..# .
..........Y..#.P# #
..#..8..#..Y@..## #
. . ...........#.#
.. ##......##.# #
... #...)...#.. #..
##.........P ...
#.........P! ...
##.#.# ...P($ ... ..
....#### ...


You could see 2 yaks.

Vanquished Creatures
  Erolcha (D:11)
  A two-headed ogre (D:11)
  Sonja (D:10)
  An unseen horror (D:11)
  2 ugly things (D:11)
  Psyche (D:9)
  A redback zombie (D:11)
  A hornet (D:10)
  Grinder (D:6)
  A spriggan (D:7)
  18 yaks
  Menkaure (D:6)
  An acid dragon (D:11)
  A water moccasin (D:11)
  4 ice beasts
  4 orc warriors
  3 sky beasts
  A swamp drake (D:9)
  A black bear (D:8)
  A necrophage (D:9)
  4 ogres
  2 phantoms
  3 centaurs
  Blork the orc (D:6)
  A big kobold (D:11)
  6 bullfrogs
  A gnoll sergeant (D:5)
  3 scorpions
  6 killer bees (D:7)
  4 wights (D:7)
  A howler monkey (D:4)
  2 lava snakes (D:10)
  4 crimson imps
  5 jellies
  A quasit (D:11)
  4 orc priests
  A bullfrog zombie (D:8)
  A bullfrog skeleton (D:7)
  5 centaur skeletons
  3 hounds
  5 orc wizards
  4 gnoll shamans (D:5)
  2 iguanas
  Natasha (thrice) (D:4)
  8 worker ants
  A worker ant zombie (D:7)
  Robin (D:4)
  9 adders
  27 gnolls
  A shadow imp (D:6)
  An ooze (D:3)
  A worm (D:3)
  7 leopard geckos
  33 orcs
  4 giant cockroaches
  11 hobgoblins
  29 jackals
  9 kobolds
  2 quokkas
  10 bats
  A frilled lizard (D:1)
  14 goblins
  3 rats
290 creatures vanquished.

Vanquished Creatures (others)
  An orc (D:9)
1 creature vanquished.

Grand Total: 291 creatures vanquished

Notes
Turn   | Place    | Note
-------+----------+-------------------------------------------
     0 | D:1      | Flugslaktarn the Octopode Fighter began the quest for the
                  | Orb.
     0 | D:1      | Reached XP level 1. HP: 16/16 MP: 1/1
    98 | D:1      | Reached XP level 2. HP: 17/21 MP: 2/2
   570 | D:1      | Reached XP level 3. HP: 24/26 MP: 3/3
   909 | D:2      | Noticed Sigmund
  1180 | D:2      | Reached skill level 3 in Axes
  1518 | D:3      | Reached XP level 4. HP: 27/31 MP: 4/4
  1884 | D:3      | Reached XP level 5. HP: 34/36 MP: 5/5
  2334 | D:3      | Found an iron altar of Okawaru.
  2344 | D:3      | Noticed an ice beast
  2425 | D:3      | Noticed a komodo dragon
  2428 | D:3      | Found a transporter.
  2434 | D:3      | Found a transporter.
  2434 | D:3      | Noticed an ogre
  2435 | D:3      | Noticed a two-headed ogre
  2499 | D:3      | Found a blossoming altar of Fedhas.
  2614 | D:4      | Noticed Robin
  2622 | D:4      | Killed Robin
  2890 | D:4      | Noticed an ogre
  2971 | D:4      | Noticed an ogre
  2978 | D:4      | Killed an ogre
  2978 | D:4      | Reached skill level 4 in Axes
  2978 | D:4      | Reached XP level 6. HP: 43/43 MP: 6/6
  3029 | D:4      | Found Puuduseo's Armour Shoppe.
  3040 | D:4      | Noticed Natasha
  3049 | D:4      | Killed Natasha
  3050 | D:4      | Reached XP level 7. HP: 10/48 MP: 7/7
  3085 | D:4      | Reached skill level 5 in Axes
  3494 | D:4      | Noticed Natasha
  3824 | D:4      | Found a runed translucent door.
  3825 | D:4      | Noticed Crazy Yiuf
  3878 | D:4      | Killed Natasha
  4232 | D:5      | Entered Level 5 of the Dungeon
  4549 | D:5      | Found a sparkling altar of Nemelex Xobeh.
  4787 | D:5      | Reached XP level 8. HP: 42/54 MP: 8/8
  4946 | D:5      | Reached skill level 5 in Fighting
  5098 | D:5      | Reached skill level 5 in Dodging
  5100 | D:5      | Reached skill level 6 in Axes
  5503 | D:4      | Noticed Natasha
  5508 | D:4      | Killed Natasha
  5508 | D:4      | Reached skill level 5 in Shields
  6815 | D:6      | Noticed Menkaure
  6821 | D:6      | Killed Menkaure
  7103 | D:6      | Noticed Grinder
  7105 | D:6      | Reached skill level 7 in Axes
  7105 | D:6      | Noticed Blork the orc
  7123 | D:6      | Killed Blork the orc
  7126 | D:6      | Killed Grinder
  7126 | D:6      | Reached XP level 9. HP: 41/62 MP: 9/9
  8196 | D:7      | Reached skill level 8 in Axes
  8408 | D:7      | Found a staircase to the Ecumenical Temple.
  8430 | Temple   | Entered the Ecumenical Temple
  8686 | Temple   | Became a worshipper of Gozag Ym Sagoz the Greedy
  8921 | D:7      | Found a stormy altar of Qazlal.
  8924 | D:7      | Found a radiant altar of Vehumet.
  9626 | D:8      | Reached skill level 9 in Axes
  9626 | D:8      | Reached XP level 10. HP: 38/69 MP: 10/10
  9992 | D:8      | Found a staircase to the Lair.
 11382 | D:9      | Noticed Psyche
 11395 | D:9      | Killed Psyche
 11677 | D:9      | Found a staircase to the Orcish Mines.
 12224 | D:10     | Entered Level 10 of the Dungeon
 12312 | D:10     | Reached skill level 10 in Axes
 13216 | D:10     | Paralysed by a hornet for 2 turns
 13536 | D:10     | Found a glowing golden altar of the Shining One.
 13810 | D:10     | Noticed Sonja
 13820 | D:10     | Killed Sonja
 13820 | D:10     | Reached XP level 11. HP: 63/77 MP: 11/11
 14071 | D:10     | Found a runed translucent door.
 14251 | D:11     | Found Etye's Antique Armour Shop.
 14267 | D:11     | Noticed Erolcha
 14279 | D:11     | Killed Erolcha
 14465 | D:11     | Noticed a two-headed ogre
 14466 | D:11     | Noticed an unseen horror
 14499 | D:11     | Killed an unseen horror
 14499 | D:11     | Reached skill level 11 in Axes
 15509 | D:11     | Noticed a purple ugly thing
 15511 | D:11     | Noticed a red ugly thing
 15558 | D:11     | Killed a cyan ugly thing
 15896 | D:11     | Killed a red ugly thing
 16008 | D:11     | Killed a two-headed ogre
 17014 | Lair:1   | Entered Level 1 of the Lair of Beasts
 17018 | Lair:1   | Bought a tin of tremorstones (3/3) for 165 gold pieces
 17018 | Lair:1   | Bought a wand of acid (11) for 330 gold pieces
 17054 | Lair:1   | Reached skill level 1 in Evocations
 17317 | Lair:1   | Mangled by a yak

Illustrated notes

Levels and vault maps discovered:
D:1:      ncdulo_watergridlock, layout_rooms, minmay_misc_feat_secret_circle,
          minmay_unequal
D:2:      layout_loops_cross, first_ration, kennysheep_generic_room_13,
          uniq_sigmund
D:3:      layout_rooms, gammafunk_temple_overflow_arena, fedhas_altar_1
D:4:      layout_basic, serial_shops, shop, uniq_robin, uniq_crazy_yiuf_cottage,
          uniq_natasha
D:5:      lemuel_castle_with_subvaults [lemuel_castle_interior_carwin_2],
          layout_basic, lemuel_doored_altar
D:6:      layout_basic, uniq_grinder, uniq_menkaure, uniq_blork_the_orc
D:7:      layout_basic, minitemple, minmay_temple_entry_glassed_door, the_bakery
D:8:      layout_loops_ring, dpeg_oklobed_lair
D:9:      layout_stronghold, erik_orc_1, uniq_psyche
D:10:     layout_cave_pools, kennysheep_flooded_box, minmay_st_funbox,
          uniq_sonja
D:11:     layout_long_grid, serial_shops, shop, uniq_erolcha
Temple:   eino_narrow_crystal_temple
Lair:1:   layout_chaotic_city, portal_ice_cave_entry_ice_beasts,
          grunt_megastairs_3, lemuel_fruit_tree, minmay_lair_oklob_chamber,
          serial_bayou_shore_b, serial_bayou_shore_a, lemuel_fruit_fields

Skill      XL: |  1  2  3  4  5  6  7  8  9 10 11 |
---------------+----------------------------------+-----
Axes           | 3 4 5 7 9 10 11 | 11.7
Fighting       | 4 5 6 8 |  8.9
Dodging        | 4 5 6 8 |  8.9
Shields        | 4 5 6 8 |  8.8
Evocations     | 3 |  3.5

Action                   |  1- 3 |  4- 6 |  7- 9 | 10-12 || total
-------------------------+-------+-------+-------+-------++-------
Melee: War axe           |    74 |    67 |   101 |    36 ||   278
       Tentacles         |     7 |    12 |    63 |   115 ||   197
       Constrict         |    17 |    21 |    67 |    59 ||   164
       Trident           |       |       |   206 |   415 ||   621
Invok: Call Merchant     |       |       |       |     1 ||     1
Evoke: Wand              |       |       |     1 |    12 ||    13
  Use: Scroll            |       |     8 |     2 |     3 ||    13
       Potion            |       |     2 |     6 |     1 ||     9
 Stab: Sleeping          |     4 |     2 |     8 |    16 ||    30
       Distracted        |       |       |     3 |     3 ||     6
       Confused          |       |       |       |     1 ||     1
  Eat: Chunk             |     2 |     5 |    16 |       ||    23
       Ration            |       |       |     2 |     7 ||     9
Armor: Skin              |     5 |     4 |     5 |    13 ||    27
Dodge: Dodged            |    45 |    38 |   149 |   206 ||   438
Block: Kite shield       |    30 |    35 |   158 |   224 ||   447

Table legend:
 A = Non-vault XP
 B = Vault XP
 C = Vault XP percentage of total XP
 D = Non-vault monster count
 E = Vault monster count
 F = Vault count percentage of total count
                 A         B        C        D         E       F
            +---------+---------+-------+---------+---------+-------
      Total |   13219 |    4676 |  26.1 |     197 |      93 |  32.1
            +---------+---------+-------+---------+---------+-------
        D:1 |      29 |      11 |  27.5 |      17 |       5 |  22.7
        D:2 |      35 |       1 |   2.8 |      13 |       1 |   7.1
        D:3 |     154 |       0 |   0.0 |      21 |       0 |   0.0
        D:4 |     692 |      97 |  12.3 |      13 |      14 |  51.9
        D:5 |      82 |     628 |  88.5 |       6 |      48 |  88.9
        D:6 |     350 |     525 |  60.0 |       8 |       3 |  27.3
        D:7 |    1192 |     211 |  15.0 |      21 |       1 |   4.5
        D:8 |    1226 |       0 |   0.0 |      14 |       0 |   0.0
        D:9 |    1347 |     986 |  42.3 |      21 |      17 |  44.7
       D:10 |    1728 |     848 |  32.9 |      23 |       1 |   4.2
       D:11 |    5490 |     980 |  15.1 |      35 |       1 |   2.8
     Lair:1 |     894 |     389 |  30.3 |       5 |       2 |  28.6
            +---------+---------+-------+---------+---------+-------
